 Dungeon Crawl Stone Soup version 0.21.0 (webtiles) character file.

75 Ivernyr the Shield-Bearer (level 4, -1/40 HPs)
             Began as a Minotaur Fighter on Jan 7, 2018.
             Slain by a worm (6 damage)
             ... on level 2 of the Dungeon.
             The game lasted 00:13:08 (1360 turns).

Ivernyr the Shield-Bearer (Minotaur Fighter)        Turns: 1360, Time: 00:13:12

Health: -1/40      AC:  7    Str: 20    XL:     4   Next: 11%
Magic:  3/3        EV:  7    Int:  5    God:
Gold:   72         SH:  9    Dex: 11    Spells: 3/3 levels left

rFire    . . .     SeeInvis .   a - +0 war axe
rCold    . . .     Gourm    .   c - +0 shield
rNeg     . . .     Faith    .   b - +0 scale mail
rPois    .         Spirit   .   (helmet restricted)
rElec    .         Reflect  .   (no cloak)
rCorr    +         Harm     .   (no gloves)
MR       .....                  (no boots)
Stlth    ..........             (no amulet)
HPRegen  0.13/turn              j - ring of wizardry
MPRegen  0.08/turn              n - ring of resist corrosion

@: no status effects
A: retaliatory headbutt, horns 2
a: no special abilities


You were on level 2 of the Dungeon.
You were near starving.

You visited 1 branch of the dungeon, and saw 2 of its levels.

You collected 72 gold pieces.

Inventory:

Hand Weapons
 a - a +0 war axe (weapon)
Missiles
 e - 55 stones (quivered)
 q - 27 sling bullets
 r - 3 tomahawks
Armour
 b - a +0 scale mail (worn)
 c - a +0 shield (worn)
Jewellery
 j - a ring of wizardry (left hand)
 n - a ring of resist corrosion (right hand)
Scrolls
 h - 3 scrolls of enchant armour {unknown}
 l - 3 scrolls of teleportation {unknown}
 m - a scroll of identify {unknown}
 p - 2 scrolls of amnesia {unknown}
Potions
 d - a potion of might
 g - a potion of magic {unknown}
 i - a potion of berserk rage {unknown}
 k - a potion of cancellation {unknown}
 o - 2 potions of curing {unknown}
Comestibles
 f - 2 rations


   Skills:
 + Level 4.2 Fighting
 * Level 3.9 Axes
 + Level 4.2 Armour
 + Level 4.2 Shields


You had 3 spell levels left.
You didn't know any spells.

Dungeon Overview and Level Annotations

Branches:
Dungeon (2/15)

Altars:


Innate Abilities, Weirdness & Mutations

You reflexively headbutt those who attack you in melee.
You have a pair of horns on your head.


Message History

* * * LOW HITPOINT WARNING * * *
You closely miss the jackal.
Your shield and scale mail prevent you from hitting the worm.
You slash the worm! You block the jackal's attack. The jackal bites you.
* * * LOW HITPOINT WARNING * * *
The worm bites you.
* * * LOW HITPOINT WARNING * * *
You block the worm's attack.
Your shield and scale mail prevent you from hitting the jackal.
You hit the worm. You barely miss the worm.
The jackal bites you but does no damage.
The jackal bites you.
* * * LOW HITPOINT WARNING * * *
You block the worm's attack.
You closely miss the jackal. Your headbutt misses the jackal.
You hit the worm. x2
The jackal completely misses you. The worm completely misses you.
You furiously retaliate!
You headbutt the worm. The jackal bites you.
* * * LOW HITPOINT WARNING * * *
The worm bites you.
You die...

............
.......#..............
......#<.............
.....#..............
...................
..... .....#.....#
#.#.# .)######....
#h#.###.## ##...##
#@ww.....# ....# #
##w.###... ....###
##..##.#. .##....
##..#...........
##.##...###..#.
#.##...###.#..
##....#.....#.#
####..###.........
####..........#......


You could see 3 worms and a jackal.

Vanquished Creatures
  3 adders (D:2)
  2 worms (D:2)
  A giant cockroach (D:1)
  5 goblins
  7 hobgoblins
  7 jackals
  A bat (D:1)
  2 frilled lizards (D:1)
  7 kobolds
  6 rats
41 creatures vanquished.

Notes
Turn   | Place    | Note
-------+----------+-------------------------------------------
     0 | D:1      | Ivernyr the Minotaur Fighter began the quest for the Orb.
     0 | D:1      | Reached XP level 1. HP: 19/19 MP: 0/0
   309 | D:1      | Reached XP level 2. HP: 24/27 MP: 1/1
   784 | D:1      | Reached XP level 3. HP: 33/33 MP: 2/2
  1352 | D:2      | Reached XP level 4. HP: 14/40 MP: 3/3
  1360 | D:2      | Slain by a worm

Skill      XL: |  1  2  3 |
---------------+----------+-----
Axes           | 3 |  3.9
Armour         | 4 |  4.2
Fighting       | 4 |  4.2
Shields        | 4 |  4.2

Action                   |  1- 3 |  4- 6 || total
-------------------------+-------+-------++-------
Melee: War axe           |    89 |     8 ||    97
       Headbutt          |    11 |       ||    11
Armor: Scale mail        |    60 |     6 ||    66
Dodge: Dodged            |    46 |     5 ||    51
Block: Shield            |    68 |    11 ||    79
